 Dungeon Crawl Stone Soup version 0.31-a0-640-g39d97e502b (webtiles) character file.

Game seed: 10121965578284540878

84 thirtiethelement the Grave Robber (level 4, -1/30 HPs)
             Began as a Demonspawn Necromancer on Aug 28, 2023.
             Slain by a goblin
             ... wielding a +0 dagger
             ... led by Robin
              (4 damage)
             ... on level 3 of the Dungeon.
             The game lasted 00:04:45 (2594 turns).

thirtiethelement the Grave Robber (DsNe)            Turns: 2594, Time: 00:04:46

Health: -1/30      AC:  2    Str:  8    XL:     4   Next: 24%
Magic:  0/8        EV: 12    Int: 18    God:
Gold:   86         SH:  0    Dex: 14    Spells: 5/9 levels left

rFire   . . .        k - +0 dagger
rCold   . . .        (no shield)
rNeg    . . .        a - +0 robe
rPois   .            (helmet restricted)
rElec   .            (no cloak)
rCorr   .            (no gloves)
SInv    .            (no boots)
Will    .....        (no amulet)
Stlth   ++           (no ring)
HPRegen 0.25/turn    (no ring)
MPRegen 0.11/turn

%: no passive effects
@: no status effects
A: horns 1, ignite blood 1, powered by pain 1
a: no special abilities


You were on level 3 of the Dungeon.
You visited 1 branch of the dungeon, and saw 3 of its levels.

You collected 86 gold pieces.

Inventory:

Hand Weapons
 d - a +0 short sword
 k - a +0 dagger (weapon)
Missiles
 l - 6 poisoned darts (quivered)
Armour
 a - a +0 robe (worn)
Jewellery
 g - a ring of flight
Scrolls
 c - 2 scrolls of identify {unknown}
 f - a scroll of immolation {unknown}
 h - a scroll of noise {unknown}
 j - a scroll of teleportation {unknown}
Potions
 b - a potion of magic
 e - a potion of enlightenment {unknown}
 i - a potion of attraction {unknown}
 m - a potion of haste {unknown}
 n - a potion of brilliance {unknown}


   Skills:
 + Level 0.1 Short Blades
 + Level 2.0 Dodging
 + Level 2.1 Stealth
 + Level 3.1 Spellcasting
 + Level 5.3 Necromancy


You had 5 spell levels left.
You knew the following spells:

 Your Spells              Type           Power      Damage    Failure   Level
a - Necrotise             Necr           84%        1d8       1%          1
b - Vampiric Draining     Necr           21%        2d7       5%          3

Your spell library contained the following spells:

 Spells                   Type           Power      Damage    Failure   Level
 Animate Dead             Necr           21%        N/A       19%         4
 Agony                    Necr           21%        N/A       45%         5


Dungeon Overview and Level Annotations

Branches:
Dungeon (3/15)

Altars:

Annotations:
D:3 Robin


Innate Abilities, Weirdness & Mutations

You have a pair of small horns on your head.
Your demonic aura sometimes causes spilled blood to erupt in flames.
You sometimes gain a little power by taking damage.


Message History

You kill the hobgoblin!
The dead are walking!
Robin closely misses you.
A goblin comes into view. It is wielding a +0 dagger.
Your goblin skeleton hits Robin but does no damage.
You hit Robin. You headbutt Robin.
Robin is moderately wounded.
Robin hits your goblin skeleton with a +0 club.
Your goblin skeleton barely misses Robin.
Your goblin skeleton completely misses Robin.
Your goblin skeleton hits Robin but does no damage.
You hit Robin but do no damage.
Robin is moderately wounded.
Robin throws the goblin at you!
Your goblin skeleton hits Robin but does no damage.
Your goblin skeleton barely misses Robin.
Your goblin skeleton hits Robin.
You hit Robin but do no damage. You headbutt Robin.
Robin is severely wounded.
Robin hits you with a +0 club. The goblin hits you with a +0 dagger.
* * * LOW HITPOINT WARNING * * *
Your goblin skeleton barely misses Robin.
Your goblin skeleton hits Robin.
You hit Robin but do no damage. You headbutt Robin.
Robin is almost dead.
Robin hits you with a +0 club.
* * * LOW HITPOINT WARNING * * *
The goblin hits you with a +0 dagger.
* * * LOW HITPOINT WARNING * * *
Your goblin skeleton hits Robin but does no damage. x2
The goblin misses you.
Robin hits your goblin skeleton with a +0 club.
Your goblin skeleton barely misses Robin. x2
Casting: Necrotise (safe; 1% risk of failure)
Confirm with . or Enter, or press ? or * to list all spells.
You don't have enough magic to cast this spell.
You barely miss the goblin.
Your goblin skeleton crumbles into dust!
Robin hits your goblin skeleton with a +0 club.
The goblin hits you with a +0 dagger.
You die... g.g. $ggg.

### ##.gg ... .gg.
##.###..# #.#.#.#
##......# .......
...#.Zg#####.#.#.#.#
#...#ZZ............
#.....g@.##.#.#.#
#..#.#.#.......
#..........###.##
..#..#.#.#.#...# .
##.......#.###
#.#.#.#...#
#........##
..###.###.# ^.
#.....#


You could see Robin (distracted, ally target), a goblin (strong), 2 friendly
goblin skeletons and a friendly hobgoblin skeleton.

Vanquished Creatures
  2 adders
  A dart slug (D:1)
  An orc (D:3)
  7 ball pythons
  An endoplasm (D:1)
  3 giant cockroaches
  10 goblins
  8 hobgoblins
  A quokka (D:1)
  6 bats
  4 frilled lizards
  7 kobolds
  4 rats
55 creatures vanquished.

Vanquished Creatures (collateral kills)
  A goblin (D:3)
  A ball python (D:1)
2 creatures vanquished.

Grand Total: 57 creatures vanquished

Notes
Turn   | Place    | Note
-------+----------+-------------------------------------------
     0 | D:1      | thirtiethelement the Demonspawn Necromancer began the quest
                  | for the Orb.
     0 | D:1      | Reached XP level 1. HP: 13/13 MP: 3/3
   346 | D:1      | Gained mutation: You sometimes gain a little power by
                  | taking damage. [demonic ancestry]
   346 | D:1      | Reached XP level 2. HP: 19/19 MP: 5/5
   525 | D:1      | Found a faded altar of an unknown god.
   946 | D:1      | Reached skill level 5 in Necromancy
  1449 | D:2      | Gained mutation: Your demonic aura sometimes causes spilled
                  | blood to erupt in flames. [demonic ancestry]
  1449 | D:2      | Reached XP level 3. HP: 24/24 MP: 4/6
  1715 | D:2      | Learned a level 3 spell: Vampiric Draining
  2496 | D:3      | Discovered your monstrous ancestry.
  2496 | D:3      | Gained mutation: You have a pair of small horns on your
                  | head. [demonic ancestry]
  2496 | D:3      | Reached XP level 4. HP: 30/30 MP: 3/8
  2567 | D:3      | Identified the +0 helmet "Buzon" {Int+3}
  2567 | D:3      | Noticed Robin
  2594 | D:3      | Slain by a goblin

Illustrated notes

Levels and vault maps discovered:
D:1:      lightli_arrival_isolated_outpost, layout_basic,
          nicolae_ecumenical_snake_handling
D:2:      layout_loops_ring, serial_aquarium, aquarium_bridge_island_small
          [aquarium_subvault_small_water, aquarium_subvault_balcony,
          aquarium_subvault_bridge, aquarium_subvault_wall,
          aquarium_subvault_bridge], aquarium_bridge_square
          [aquarium_subvault_window, aquarium_subvault_bridge,
          aquarium_subvault_bridge, aquarium_subvault_balcony],
          aquarium_window_2, aquarium_window_fake, aquarium_window_3,
          aquarium_view_2c
D:3:      layout_rooms, amcnicky_altar_gilded, serial_glass, glass_columns_b,
          glass_columns_c, corexii_shack, columned_hall_lemuel, uniq_robin

Skill      XL: |  1  2  3 |
---------------+----------+-----
Dodging        | 2 |  2.0
Necromancy     | 5 |  5.3
Spellcasting   | 3 |  3.1
Stealth        | 2 |  2.1
Short Blades   | |  0.1

Action                     |  1- 3 |  4- 6 || total
---------------------------+-------+-------++-------
  Melee: Unarmed           |     5 |       ||     5
         Short sword       |     7 |       ||     7
         Dagger            |     4 |    15 ||    19
         Headbutt          |       |     6 ||     6
  Throw: Dart              |     1 |       ||     1
   Cast: Necrotise         |    56 |    12 ||    68
         Vampiric Draining |     1 |       ||     1
   Stab: Sleeping          |     6 |       ||     6
 Armour: Robe              |     6 |     3 ||     9
  Dodge: Dodged            |    13 |    11 ||    24

Table legend: (Time is in decaauts)
 A = Elapsed time spent in this place.
 B = Non-inter-level travel time spent in this place.
 C = Inter-level travel time spent in this place.
 D = Time resting spent in this place.
 E = Time spent auto-exploring this place.
 F = Levels seen in this place.
 G = Mean time per level.
                   A        B        C        D        E       F      G
               +--------+--------+--------+--------+--------+-----+--------+
         Total |   2598 |   2516 |     82 |      0 |   2255 |   3 |  866.0 |
       Dungeon |   2598 |   2516 |     82 |      0 |   2255 |   3 |  866.0 |
               +--------+--------+--------+--------+--------+-----+--------+

Top non-repeatable levels by time:
     D:1: 1417 daAuts
     D:2: 987 daAuts
     D:3: 193 daAuts
